giant bat, chaotic female human Ranger ----------- --+----- ------- |.......>.| |<...... |.....| |..........########.......| ------------ |......# |.........|# -|------ |..........| |.....|# |.........| |+.......[.| |.....|# #----.------ |.......)[.+ |.....|########## |)........)| ---.---# # ------+--)-- ##### # # ### # # # # [ ------.- ## # #|...<..| ----@--### #.......| |[...a)%#######|......| |...ff| # -------- |.u.).)###### ------- giant bat the Trailblazer Experience level: 6 Strength: 25 Dexterity: 13 Constitution: 18 Intelligence: 14 Wisdom: 13 Charisma: 7 Health: 29(44) Energy: 26(26) Def: 10 Gold: 1692 Moves: 4880 Dungeon seed: zwYLE6uw27Lic-9G Game ID: giant bat_1540224496 Your Inventory: Coins $ - 1692 gold pieces Weapons a - a +1 dagger (weapon in hand) b - a +1 bow (alternate weapon; not wielded) c - 33 +2 arrows (in quiver) d - 31 +0 arrows j - a +0 sling m - a +0 orcish dagger H - a +0 knife K - 43 +0 arrows Armor e - an uncursed +2 cloak of displacement (being worn) r - an uncursed +0 pair of gauntlets of power (being worn) T - an uncursed +0 scale mail (being worn) X - an uncursed +1 orcish helm (being worn) Comestibles i - 3 uncursed food rations p - an uncursed orange x - 2 uncursed slime molds S - an uncursed carrot Scrolls h - a cursed scroll of enchant weapon l - an uncursed scroll of enchant weapon n - an uncursed scroll of scare monster u - an uncursed scroll of enchant armor w - an uncursed scroll of teleportation z - an uncursed scroll of remove curse E - a cursed scroll of amnesia F - an uncursed scroll of punishment I - a cursed scroll of light J - an uncursed scroll of light M - a blessed scroll of identify Q - an uncursed scroll of create monster R - a blessed scroll of destroy armor Spellbooks o - an uncursed spellbook of detect monsters Potions s - a blessed potion of gain ability named 150 D - an uncursed potion of object detection named 75 G - an uncursed potion of healing Rings k - an uncursed ring of protection from shape changers v - an uncursed ring of shock resistance A - an uncursed ring of free action O - a cursed ring of invisibility Wands P - a wand of digging (0:4) Tools L - 7 cursed tallow candles (0:200) N - an uncursed mirror Gems q - 2 uncursed worthless pieces of orange glass Spells and supernatural/magical abilities: Name Level Category Fail Memory W - pray for help -- divine ? -- Your skills at the end: Fighting Skills Weapon Skills dagger [Basic] bow [Basic] Spellcasting Skills Final Attributes: You were piously aligned. You were telepathic. You had automatic searching. You were displaced. You are dead. Vanquished creatures: a jaguar a mountain nymph a rock piercer a rock mole 2 ponies 2 fog clouds a violet fungus 3 elf zombies a straw golem 3 giant ants a little dog a floating eye a kitten 7 hill orcs 4 rothes a centipede 3 giant bats a wererat 2 iguanas 2 killer bees 2 acid blobs 2 hobbits 3 manes 2 large kobolds a hobgoblin 4 giant rats a brown mold a yellow mold 2 red molds 2 gnomes 3 garter snakes a gnome zombie 7 geckos 8 jackals 3 foxes 3 kobolds 2 goblins a sewer rat 9 grid bugs 3 bats 6 lichens a kobold zombie 9 newts 115 creatures vanquished. Voluntary challenges: You were an atheist. You used a wielded weapon 82 times, starting on turn 423. You read items or engraved 6 times, starting on turn 22. You never genocided any monsters. You never polymorphed an object. You never changed form. You used no wishes. You never split a pudding. You wrote Elbereth's name 4 times, starting on turn 4200. You never violated your personal moral code. Dungeon overview: The Dungeons of Doom: levels 1 to 7 Level 1 a fountain a long staircase Level 2 a fountain a long staircase Level 3 a potion shop, some fountains Level 4 Level 5 Level 6 many fountains Level 7 <- You were here a long staircase History has recorded: On T:1 you entered the Dungeons of Doom to retrieve the Amulet of Yendor! On T:112 you reached level 2 of The Dungeons of Doom. On T:701 you advanced to experience level 2. On T:725 you reached level 3 of The Dungeons of Doom. On T:1142 you reached level 4 of The Dungeons of Doom. On T:1288 you advanced to experience level 3. On T:1383 you reached level 5 of The Dungeons of Doom. On T:2075 you advanced to experience level 4. On T:3049 you reached level 6 of The Dungeons of Doom. On T:3096 you advanced to experience level 5. On T:3743 you reached level 7 of The Dungeons of Doom. On T:3852 you advanced to experience level 6. Score breakdown: Gold: 1692 (10982 points) Experience: 6 levels (12456 points) Exploration: 7 levels ( 14.29%) (10606 points) Discoveries: 4 items ( 1.34%) ( 3469 points) Valuables value: (no points given unless you survive) Artifact value: 0 ( 0 points) Variety of kills: 43 monsters ( 11.29%) (10078 points) Turncount: 4880 turns (-1318 points) Survival: died (score multiplied by 80%) Total score: 37018 Latest messages: The housecat moves only reluctantly. You stop. Your housecat is in the way! The kitten misses the white unicorn. You displace your housecat. The kitten misses the white unicorn. The white unicorn misses the kitten. (2x) The kitten misses the white unicorn. The white unicorn misses the kitten. The white unicorn hits the kitten. The kitten eats a jaguar corpse. The white unicorn butts! The white unicorn misses. The housecat bites the white unicorn. The white unicorn butts the housecat. The white unicorn misses the housecat. The kitten misses the killer bee. The killer bee stings! You miss the killer bee. The kitten misses the killer bee. The killer bee stings! The kitten misses the killer bee. You miss the killer bee. The kitten misses the killer bee. The killer bee stings! The killer bee's sting was poisoned! The poison was deadly... Final status: Goodbye giant bat the Ranger, poisoned by a killer bee... You were poisoned in The Dungeons of Doom on dungeon level 7 with 37018 points, and 1692 pieces of gold, after 4880 moves. You were level 6 with a maximum of 44 hit points when you were poisoned.